 Dungeon Crawl Stone Soup version 0.17.1-1-g73c8601 (webtiles) character file.

22953 4tharraofdagon the Destroyer (level 12, -1/66 HPs)
             Began as a High Elf Fire Elementalist on Dec 21, 2015.
             Was a High Priest of Vehumet.
             Slain by a salamander (shapeshifter) (10 damage)
             ... on level 4 of the Orcish Mines.
             The game lasted 00:51:23 (7138 turns).

4tharraofdagon the Destroyer (HEFE)                 Turns: 7138, Time: 00:51:23

Health: -1/66      AC:  6    Str:  7    XL:     12   Next: 67%
Magic:  12/27      EV: 15    Int: 24    God:    Vehumet [*****.]
Gold:   1300       SH:  0    Dex: 17    Spells: 5 memorised, 12 levels left

rFire  . . .     SeeInvis .     j - +2 long sword (elec)
rCold  . . .     Clarity  .     I - troll hide
rNeg   . . .     SustAt   .     (no shield)
rPois  +         Gourm    .     p - +1 hat {MR+}
rElec  .         Spirit   .     F - +1 cloak {rPois}
rCorr  .         Warding  .     e - +0 pair of gloves
rMut   .         Stasis   .     (no boots)
MR     ++...                    M - amulet of faith
Stlth  +++.......               f - ring of stealth
                                w - +3 ring of evasion

@: very resistant to hostile enchantments, fairly stealthy
A: no striking features
a: Renounce Religion


You were on level 4 of the Orcish Mines.
You worshipped Vehumet.
Vehumet was extremely pleased with you.
You were not hungry.

You visited 4 branches of the dungeon, and saw 18 of its levels.
You also visited: Ice Cave and Volcano.

You collected 1627 gold pieces.
You spent 327 gold pieces at shops.

Inventory:

Hand Weapons
 j - a +2 long sword of electrocution (weapon)
 B - a +0 dagger of venom
 P - a +0 blowgun
Missiles
 H - 2 throwing nets (quivered)
 O - 5 curare-tipped needles
Armour
 a - a +1 robe of magic resistance
 e - a +0 pair of gloves (worn)
 p - a +1 hat of magic resistance (worn)
 A - the +1 robe of Duty {MR+ Str+3 Dex+2 Stlth-}
   (You found it on level 5 of the Dungeon)

   It affects your strength (+3).
   It affects your dexterity (+2).
   It affects your resistance to hostile enchantments.
   It makes you less stealthy.
 F - a +1 cloak of poison resistance (worn)
 I - a troll hide (worn)
Jewellery
 f - a ring of stealth (right hand)
 h - an uncursed ring of protection from magic
 w - a +3 ring of evasion (left hand)
 M - an amulet of faith (around neck)
 Q - an uncursed amulet of clarity
Wands
 l - a wand of paralysis (4)
 o - a wand of enslavement (19)
 r - a wand of flame (24)
 L - a wand of cold (4)
 N - a wand of cold (5)
Scrolls
 g - 3 scrolls of fear
 i - 4 scrolls of remove curse
 s - 3 scrolls of fog {unknown}
 t - 2 scrolls of enchant armour {unknown}
 v - a scroll of identify
 x - a scroll of noise {unknown}
 y - 2 scrolls of teleportation
 J - a scroll of amnesia
 K - 2 scrolls of enchant weapon
 T - a scroll of immolation {unknown}
Potions
 d - a potion of curing
 k - a potion of might
 n - 2 potions of cure mutation
 u - a potion of degeneration
 C - a potion of flight
 D - a potion of poison {unknown}
 E - 2 potions of lignification
 R - a potion of brilliance
 S - a potion of resistance {unknown}
Books
 b - a book of Flames

   Spells                             Type                      Level
   a - Flame Tongue                   Conjuration/Fire             1
   b - Throw Flame                    Conjuration/Fire             2
   c - Conjure Flame                  Conjuration/Fire             3
   d - Inner Flame                    Hexes/Fire                   3
   e - Sticky Flame                   Conjuration/Fire             4
   f - Fireball                       Conjuration/Fire             5
Comestibles
 c - 5 bread rations
 m - 3 meat rations
 q - 6 beef jerkies
 z - a chunk of flesh


   Skills:
 - Level 2.1 Dodging
 - Level 2.1 Stealth
 + Level 10.7 Spellcasting
 * Level 14.3 Conjurations
 * Level 13.5 Fire Magic


You had 12 spell levels left.
You knew the following spells:

 Your Spells              Type           Power        Failure   Level  Hunger
a - Flame Tongue          Conj/Fire      #####        1%          1    None
b - Conjure Flame         Conj/Fire      ######..     1%          3    None
c - Sticky Flame          Conj/Fire      ######..     1%          4    None
d - Fireball              Conj/Fire      ######....   1%          5    ####...
e - Orb of Destruction    Conj           ######....   4%          7    #######


Dungeon Overview and Level Annotations

Branches:
Dungeon (12/15)            Temple (1/1) D:7            Lair (0/8) D:11
    Orc (4/4) D:11            Elf (1/3) Orc:4

Altars:
Ashenzari
Cheibriados
Dithmenos
Fedhas
Gozag
Kikubaaqudgha
Nemelex Xobeh
Okawaru
Qazlal
Ru
Sif Muna
Trog
Vehumet
Xom
Yredelemnul
The Shining One

Shops:
D:8 [   D:12 %   Orc:1 [   Orc:2 !   Orc:3 *   Orc:4 **%[:

Annotations:
D:5 Blork the orc; Prince Ribbit
D:6 exclusions: downstairs and upstairs
D:7 riffraff's ghost, novice DsBe
D:8 Dickchan's ghost, novice CeFi
D:9 LAIR, exclusion: electric eel, SeriousMike's ghost, journeyman FoFi


Message History

There is a staircase to the Elven Halls here.
Unknown command.
Casting: Fireball
Confirm with . or Enter, or press ? or * to list all spells.
Aiming: Orb of Destruction
Press: ? - help, Shift-Dir - straight line, f - salamander
Aim: a salamander
Okay, then.
Unknown command.
Casting: Orb of Destruction
Confirm with . or Enter, or press ? or * to list all spells.
Aiming: Orb of Destruction
Press: ? - help, Shift-Dir - straight line, f - salamander
Aim: a salamander The wavering orb of destruction weakly hits the salamander.
The salamander is moderately wounded.
The salamander hits you!
* * * LOW HITPOINT WARNING * * *
You are engulfed in flames!
You die...

#..........................#
##......................#.##
#......................####
#.....................## ###
#......................###.#
##....................###.[<
#.........<......[....###).
##........>N.............#..
#..........@.......[.[......
#.............#.....).......
#................#........##
##.........................#
#.....)......#.....#..[...##
#...........#.#...#..<.####
#..[.......#...#).....##
#.....^.....#)#).......#.##
#............#.)..........#


You could see a salamander.

Vanquished Creatures
  Gastronok (Orc:2)
  A stone giant (Orc:4)
  Azrael (Orc:4)
  Josephine (Orc:2)
  A hydra (D:8)
  4 orc high priests (Orc:4)
  2 hill giants (D:11)
  3 orc sorcerers (Orc:4)
  4 orc knights (Orc:4)
  A cyclops (Orc:3)
  A centaur zombie (D:9)
  Maurice (D:11)
  2 ice statues (IceCv)
  2 trolls
  5 blue devils (IceCv)
  A deep elf mage (Elf:1)
  5 wraiths
  A shadow (D:12)
  Eustachio (D:5)
  A deep elf fighter (Elf:1)
  5 yaks (D:11)
  3 fire elementals (Orc:4)
  2 wargs
  A hippogriff (D:5)
  2 porcupines (D:11)
  15 orc warriors
  A soldier ant (D:10)
  A hell hound (Orc:4)
  5 phantoms
  A black bear (D:8)
  3 ogres
  An ice beast (D:9)
  A sky beast (D:8)
  A big kobold (D:12)
  2 crocodiles (D:11)
  2 giant frogs (D:11)
  5 centaurs
  3 killer bees (D:12)
  3 crimson imps
  A jelly (D:10)
  A centaur skeleton (D:5)
  Crazy Yiuf (D:5)
  2 giant frog skeletons
  4 hounds
  24 orc wizards
  Jessica (D:2)
  19 orc priests
  7 worker ants
  4 iguanas
  11 sheep
  3 gnolls (D:9)
  4 river rats (D:11)
  4 adders
  6 white imps (IceCv)
  7 ufetubi (IceCv)
  2 oozes
  An adder skeleton (D:8)
  2 adder zombies
  3 giant geckos
  121 orcs
  A bat (D:3)
  4 goblins
  2 hobgoblins (D:2)
  7 jackals
  7 kobolds
  5 quokkas
  2 giant cockroaches (D:4)
  A giant cockroach zombie (D:6)
  2 giant newts
  A quokka zombie (D:6)
  3 rats
359 creatures vanquished.

Vanquished Creatures (others)
  3 white imps (IceCv)
  A bush (D:11)
  A fungus (D:11)
  8 plants (D:11)
13 creatures vanquished.

Grand Total: 372 creatures vanquished

Notes
Turn   | Place    | Note
--------------------------------------------------------------
     0 | D:1      | 4tharraofdagon the High Elf Fire Elementalist began the quest for the Orb.
     0 | D:1      | Reached XP level 1. HP: 11/11 MP: 4/4
   236 | D:2      | Reached XP level 2. HP: 17/17 MP: 2/6
   251 | D:2      | Noticed Jessica
   260 | D:2      | Killed Jessica
   260 | D:2      | Reached XP level 3. HP: 21/21 MP: 5/8
   282 | D:2      | Learned a level 3 spell: Conjure Flame
   725 | D:4      | Found a sparkling altar of Nemelex Xobeh.
   728 | D:4      | Found a stormy altar of Qazlal.
   750 | D:4      | Found a blossoming altar of Fedhas.
   753 | D:4      | Found a bloodstained altar of Trog.
   801 | D:5      | Entered Level 5 of the Dungeon
   827 | D:5      | Found a sacrificial altar of Ru.
   827 | D:5      | Noticed a centaur
   851 | D:5      | Noticed Eustachio
   858 | D:5      | Noticed Prince Ribbit
   897 | D:4      | Reached skill level 4 in Fire Magic
   897 | D:4      | Reached XP level 4. HP: 12/27 MP: 1/9
   929 | D:4      | Learned a level 4 spell: Sticky Flame
   974 | D:4      | Noticed a phantom
  1073 | D:6      | Reached XP level 5. HP: 16/31 MP: 10/10
  1111 | D:7      | Noticed riffraff's ghost (novice DsBe)
  1118 | D:7      | Noticed a gargoyle
  1122 | D:7      | Found a staircase to the Ecumenical Temple.
  1130 | Temple   | Entered the Ecumenical Temple
  1144 | Temple   | Became a worshipper of Vehumet
  1222 | D:7      | Noticed an ice beast
  1234 | D:7      | You fall through a shaft for 2 floors!
  1311 | D:9      | Noticed a centaur zombie
  1321 | D:9      | Killed a centaur zombie
  1321 | D:9      | Reached skill level 5 in Conjurations
  1321 | D:9      | Reached skill level 5 in Fire Magic
  1321 | D:9      | Reached XP level 6. HP: 24/36 MP: 9/13
  1321 | D:9      | Reached XP level 7. HP: 27/41 MP: 9/14
  1328 | D:9      | Learned a level 5 spell: Fireball
  1412 | D:9      | Noticed an ogre
  1420 | D:9      | Killed an ogre
  1540 | D:7      | Noticed a phantom
  1554 | D:8      | Reached skill level 6 in Fire Magic
  1792 | D:5      | Killed Eustachio
  1803 | D:5      | Got a colourful robe
  1818 | D:5      | Found a snail-covered altar of Cheibriados.
  1821 | D:5      | Noticed Blork the orc
  1826 | D:5      | Noticed an ogre
  1844 | D:6      | Identified the +1 robe of Duty {MR+ Str+3 Dex+2 Stlth-} (You found it on level 5 of the Dungeon)
  2007 | D:5      | Noticed a hippogriff
  2021 | D:5      | Killed a hippogriff
  2021 | D:5      | Reached skill level 5 in Spellcasting
  2021 | D:5      | Reached XP level 8. HP: 46/46 MP: 6/16
  2098 | D:4      | Killed a phantom
  2131 | D:4      | Noticed an ogre
  2145 | D:4      | Killed an ogre
  2145 | D:4      | Reached skill level 7 in Conjurations
  2185 | D:4      | Reached * piety under Vehumet
  2185 | D:4      | Offered knowledge of Shock by Vehumet.
  2311 | D:5      | Noticed Crazy Yiuf
  2317 | D:5      | Killed Crazy Yiuf
  2597 | D:7      | Noticed a centaur
  2600 | D:7      | Killed a centaur
  2709 | D:8      | Noticed a five-headed hydra
  2788 | D:8      | Killed a five-headed hydra
  2788 | D:8      | Reached skill level 8 in Conjurations
  2788 | D:8      | Reached XP level 9. HP: 24/51 MP: 0/19
  3090 | D:8      | Noticed Dickchan's ghost (novice CeFi)
  3154 | D:8      | Reached skill level 9 in Conjurations
  3250 | D:9      | Noticed SeriousMike's ghost (journeyman FoFi)
  3279 | D:8      | Found Neinn's Armour Shop.
  3332 | D:9      | Noticed an ice beast
  3339 | D:9      | Killed an ice beast
  3434 | D:10     | Entered Level 10 of the Dungeon
  3460 | D:11     | Noticed a hill giant
  3475 | D:11     | Killed a hill giant
  3531 | D:11     | Noticed Maurice
  3615 | D:10     | Reached ** piety under Vehumet
  3615 | D:10     | Offered knowledge of Sting by Vehumet.
  3618 | D:10     | Reached skill level 10 in Conjurations
  3623 | D:10     | Reached XP level 10. HP: 21/56 MP: 7/21
  3830 | D:11     | Noticed a hill giant
  3850 | D:11     | Killed a hill giant
  3850 | D:11     | Reached skill level 10 in Fire Magic
  3996 | D:11     | Found a staircase to the Lair.
  4004 | D:11     | Offered knowledge of Ignite Poison by Vehumet.
  4070 | D:11     | Found a staircase to the Orcish Mines.
  4076 | D:11     | Killed Maurice
  4124 | D:11     | Reached skill level 11 in Conjurations
  4134 | D:11     | Reached *** piety under Vehumet
  4327 | D:12     | Found Xoejy's Food Emporium.
  4355 | D:12     | Noticed a purple ugly thing
  4419 | D:12     | Noticed a green ugly thing
  4456 | D:11     | Offered knowledge of Throw Icicle by Vehumet.
  4581 | Orc:1    | Entered Level 1 of the Orcish Mines
  4636 | Orc:1    | Found a dark tunnel.
  4646 | Volcano  | Entered a volcano
  4687 | Orc:2    | Noticed Gastronok
  4697 | Orc:1    | Found Biryaf's Antique Armour Shoppe.
  4733 | Orc:1    | Reached **** piety under Vehumet
  4889 | Orc:2    | Killed Gastronok
  4889 | Orc:2    | Reached skill level 12 in Conjurations
  4889 | Orc:2    | Reached XP level 11. HP: 61/61 MP: 14/24
  4951 | Orc:1    | Offered knowledge of Bolt of Draining by Vehumet.
  5081 | Orc:2    | Found Ewnaycli's Distillery.
  5117 | Orc:3    | Found Jaihosacs's Assorted Antiques.
  5217 | Orc:2    | Noticed Josephine
  5223 | Orc:2    | Killed Josephine
  5288 | Orc:2    | Reached ***** piety under Vehumet
  5290 | Orc:2    | Offered knowledge of Orb of Destruction by Vehumet.
  5309 | Orc:2    | Learned a level 7 spell: Orb of Destruction
  5345 | Orc:2    | Bought a potion of brilliance for 56 gold pieces
  5345 | Orc:2    | Bought a potion of heal wounds for 70 gold pieces
  5345 | Orc:2    | Bought a potion of heal wounds for 70 gold pieces
  5438 | Orc:4    | Entered Level 4 of the Orcish Mines
  5444 | Orc:4    | Noticed a stone giant
  5450 | Orc:3    | HP: 1/61 [warg (10)]
  5744 | Orc:4    | Found a staircase to the Elven Halls.
  5745 | Orc:4    | Found a frozen archway.
  5746 | Orc:4    | Noticed an orc high priest
  5755 | IceCv    | Entered an ice cave
  5932 | IceCv    | Reached skill level 13 in Conjurations
  6133 | Orc:3    | Offered knowledge of Iskenderun's Battlesphere by Vehumet.
  6275 | Orc:4    | Found Plog's Assorted Antiques.
  6287 | Orc:4    | Killed a stone giant
  6325 | Orc:4    | Bought an amethyst potion for 35 gold pieces
  6325 | Orc:4    | Bought a scroll labeled GETEVE XUGO for 39 gold pieces
  6395 | Orc:4    | Noticed Azrael
  6403 | Orc:4    | Killed Azrael
  6403 | Orc:4    | Reached skill level 10 in Spellcasting
  6403 | Orc:4    | Reached XP level 12. HP: 66/66 MP: 11/27
  6569 | Orc:4    | Killed an orc high priest
  6751 | Orc:4    | Noticed an orc high priest
  6769 | Orc:4    | Killed an orc high priest
  6861 | Orc:4    | Noticed an orc high priest
  6865 | Orc:4    | Killed an orc high priest
  6865 | Orc:4    | Reached skill level 14 in Conjurations
  7049 | Orc:4    | Found Raoruch's Book Shop.
  7049 | Orc:4    | Found Emoosily's Antique Armour Emporium.
  7050 | Orc:4    | Noticed an orc high priest
  7051 | Orc:4    | Found Tomorrie's Food Shop.
  7051 | Orc:4    | Found Poumic's Assorted Antiques.
  7053 | Orc:4    | Killed an orc high priest
  7064 | Orc:4    | Bought a cyan potion for 27 gold pieces
  7064 | Orc:4    | Bought a scroll labeled EDIDDE CAOWIOP for 30 gold pieces
  7121 | Elf:1    | Entered Level 1 of the Elven Halls
  7138 | Orc:4    | Slain by a salamander (shapeshifter)

Action                   |  1- 3 |  4- 6 |  7- 9 | 10-12 || total
-------------------------+-------+-------+-------+-------++-------
Melee: Long sword        |    33 |    18 |    70 |   251 ||   372
       Dagger            |       |       |    14 |       ||    14
 Fire: Blowgun           |       |       |       |     5 ||     5
Throw: Throwing net      |       |       |     2 |       ||     2
 Cast: Flame Tongue      |    27 |    14 |    97 |    50 ||   188
       Conjure Flame     |     2 |     3 |    14 |     8 ||    27
       Sticky Flame      |       |       |    13 |    43 ||    56
       Fireball          |       |       |    12 |    90 ||   102
       Orb of Destructio |       |       |       |     8 ||     8
Evoke: Wand              |       |     3 |     9 |     5 ||    17
  Use: Scroll            |     5 |     5 |    10 |     2 ||    22
       Potion            |       |     7 |     1 |     5 ||    13
 Stab: Sleeping          |     8 |     1 |     5 |     3 ||    17
       Paralysed         |       |     1 |     2 |       ||     3
       Invisible         |       |       |       |     3 ||     3
       Distracted        |       |       |       |     1 ||     1
  Eat: Chunk             |       |     2 |    13 |    33 ||    48
       Beef jerky        |       |       |       |     2 ||     2
       Royal jelly       |       |       |       |     1 ||     1

Vault maps used:
D:1:      dpeg_arrival_another_circle, minmay_misc_feat_iff
D:2:      makhleb_grotto_becter, first_bread, uniq_jessica
D:3:      gup_sewer_entry_glass
D:4:      grunt_temple_overflow_cloverleaf, roderic_st_hans_cross,
          elyvilon_altar_5
D:5:      nicolae_ru_awakened_eye, kennysheep_mini_moat, uniq_prince_ribbit1,
          uniq_eustachio, uniq_blork_the_orc, uniq_duvessa,
          uniq_crazy_yiuf_cottage
D:7:      kennysheep_big_flooded_room, minmay_temple_entry_junction,
          serial_bayou_ford_a
D:8:      nicolae_whirlpool, serial_shops, shop_statue
D:9:      grunt_ogre_cave, disabler_island
D:10:     minivault_26, minmay_misc_feat_diagonals, minmay_misc_feat_rugged
D:11:     minmay_lair_entry_grove, orc_0_dummy, kennysheep_generic_room_13,
          uniq_maurice
D:12:     serial_shops, shop
Temple:   eino_temple_water_12
Orc:1:    serial_shops, shop, enter_volcano_1
Orc:2:    special_room, serial_shops, shop, uniq_gastronok, uniq_josephine
Orc:3:    serial_shops, shop, nicolae_orc_pool_cavern
Orc:4:    grunt_orc_tribal_feast, portal_ice_cave_entry_pillars_02,
          serial_shops, shop, nicolae_orc_tapped_out, uniq_azrael
Elf:1:    eino_elf_arrival_shootout, serial_shops, shop,
          hangedman_elf_represent, spider_trap
IceCv:    ice_cave_small_demon
Volcano:  volcano_pools
